 Dungeon Crawl Stone Soup version 0.24-a0-434-gd57e52fea8 (webtiles) character file.

Game seed: 14116572245665569228

209 Gumption the Sneak (level 5, -2/24 HPs)
             Began as a Spriggan Enchanter on June 17, 2019.
             Slain by an orc wizard
             ... wielding a +0 dagger
              (4 damage)
             ... on level 4 of the Dungeon.
             The game lasted 00:44:37 (5809 turns).

Gumption the Sneak (Spriggan Enchanter)             Turns: 5809, Time: 00:44:37

Health: -2/24      AC:  2    Str:  4    XL:     5   Next: 55%
Magic:  11/12      EV: 19    Int: 17    God:
Gold:   149        SH:  0    Dex: 17    Spells: 3/12 levels left

rFire    . . .     SeeInvis +   a - +1 dagger
rCold    . . .     Gourm    .   (shield restricted)
rNeg     . . .     Faith    .   r - +0 robe
rPois    .         Spirit   .   (helmet restricted)
rElec    .         Reflect  .   (no cloak)
rCorr    .         Harm     .   (gloves unavailable)
MR       .....                  (boots unavailable)
Stlth    +.........             (no amulet)
HPRegen  0.08/turn              (no ring)
MPRegen  0.13/turn              (no ring)

@: confused, flying, very quick
A: very small, unfitting armour, see invisible, herbivore, speed 3, slow
metabolism 2
a: no special abilities


You were on level 4 of the Dungeon.
You were hungry.

You visited 1 branch of the dungeon, and saw 4 of its levels.

You collected 149 gold pieces.

Inventory:

Hand Weapons
 a - a +1 dagger (weapon)
 b - a +0 hunting sling
Missiles
 f - 289 stones (quivered)
 m - a throwing net
 p - 11 poisoned darts
Armour
 r - a +0 robe (worn)
Jewellery
 h - a cursed -2 ring of strength {unknown}
 o - a +4 ring of dexterity {unknown}
 s - a +2 ring of evasion {unknown}
 t - a +4 ring of intelligence {unknown}
Wands
 k - a wand of polymorph (13)
Scrolls
 d - a scroll of fog {unknown}
 g - a scroll of identify {unknown}
 i - a scroll of magic mapping {unknown}
 j - 2 scrolls of teleportation
 n - a scroll of blinking {unknown}
 q - a scroll of remove curse {unknown}
Potions
 c - a potion of invisibility {unknown}
 l - 3 potions of flight
 u - a potion of haste {unknown}
Comestibles
 e - 3 rations


   Skills:
 + Level 2.1 Short Blades
 + Level 3.9 Dodging
 + Level 5.4 Stealth
 * Level 4.1 Spellcasting
 * Level 4.8 Hexes
 * Level 1.7 Ice Magic


You had 3 spell levels left.
You knew the following spells:

 Your Spells              Type           Power        Failure   Level  Hunger
a - Ensorcelled Hibernat  Hex/Ice        ##....       6%          2    ##.....
b - Corona                Hex            ###....      2%          1    None
c - Confuse               Hex            ###.....     6%          3    ###....
d - Tukima's Dance        Hex            ###.....     6%          3    ###....

Your spell library contained the following spells:

 Spells                   Type           Power        Failure   Level  Hunger
 Dazzling Spray           Conj/Hex       ##....       17%         3    ###....


Dungeon Overview and Level Annotations

Branches:
Dungeon (4/15)
 Temple: D:4-7

Altars:
Gozag
Makhleb
Trog
Xom


Innate Abilities, Weirdness & Mutations

You are very small and have problems with some larger weapons.
You are too small for most types of armour.
You have supernaturally acute eyesight. (SInv)
You are a herbivore.
You cover ground extremely quickly.
You need to consume almost no food.


Message History

You impale the orc!!
You kill the orc!
The orc wizard points at you and mumbles some strange words.
The magic dart hits you!
* * * LOW HITPOINT WARNING * * *
Things that are here:
a +0 flail; a scroll labeled MIOBBA ERUQO; an orc corpse
There is a stone staircase leading up here.
The orc wizard gestures at you while chanting.
You are confused.
In your confused state, you trip and fall back down the stairs.
* * * LOW HITPOINT WARNING * * *
The orc misses you.
It was a potion of flight.
You feel very buoyant.
You fly up into the air.
The orc wizard barely misses you. The orc misses you.
The orc shouts!
The orc wizard looks satisfied for a moment.
The orc wizard hits you with a +0 dagger.
You die...

#.# #.# #.# #.#
#)# ####.####
#.......#
#...)o..#
#....@..#
#.......oo.#
#..#.......#
#..........$o
#..._......#...
#...8....$.#....
##.._...#### ...
#......# ..


You could see 2 orc wizards and 2 orcs.

Vanquished Creatures
  A hound (D:2)
  Robin (D:2)
  5 adders
  2 oozes (D:2)
  4 worms
  2 dart slugs
  A leopard gecko (D:1)
  9 orcs
  A giant cockroach (D:3)
  16 goblins
  9 hobgoblins
  2 quokkas (D:2)
  11 bats
  4 frilled lizards
  13 kobolds
  10 rats
91 creatures vanquished.

Notes
Turn   | Place    | Note
-------+----------+-------------------------------------------
     0 | D:1      | Gumption the Spriggan Enchanter began the quest for the
                  | Orb.
     0 | D:1      | Reached XP level 1. HP: 9/9 MP: 5/5
   660 | D:1      | Reached XP level 2. HP: 13/13 MP: 6/6
   664 | D:1      | Learned a level 2 spell: Ensorcelled Hibernation
  1469 | D:2      | Reached XP level 3. HP: 16/16 MP: 3/8
  1477 | D:2      | Learned a level 3 spell: Confuse
  2010 | D:2      | Reached skill level 1 in Ice Magic
  2232 | D:2      | Reached XP level 4. HP: 21/21 MP: 6/10
  2479 | D:2      | Noticed Robin
  2503 | D:2      | Killed Robin
  2742 | D:2      | Reached skill level 5 in Stealth
  3344 | D:2      | Reached XP level 5. HP: 24/24 MP: 8/11
  3487 | D:2      | Found a burning altar of Makhleb.
  4401 | D:3      | Learned a level 3 spell: Tukima's Dance
  5001 | D:3      | Found a bloodstained altar of Trog.
  5794 | D:4      | Found a shimmering altar of Xom.
  5794 | D:4      | Found an opulent altar of Gozag.
  5809 | D:4      | Slain by an orc wizard

Levels and vault maps discovered:
D:1:      dpeg_arrival_boxes_within_box, layout_basic, serial_curves,
          eino_curves_02, eino_curves_02
D:2:      layout_rooms, makhleb_blood_cavern_becter, uniq_robin,
          uniq_crazy_yiuf_cottage
D:3:      layout_rooms, first_ration, trog_hazing_becter
D:4:      layout_rooms, nemelex_altar_shiori, kennysheep_little_box,
          chequers_temple_overflow_statue_of_worship

Skill      XL: |  1  2  3  4  5 |
---------------+----------------+-----
Spellcasting   | 3 4 |  4.1
Hexes          | 4 |  4.8
Ice Magic      | 1 |  1.7
Stealth        | 5 |  5.4
Short Blades   | 2 |  2.1
Dodging        | |  3.9

Action                   |  1- 3 |  4- 6 || total
-------------------------+-------+-------++-------
Melee: Dagger            |    55 |    77 ||   132
 Cast: Corona            |     3 |       ||     3
       Ensorcelled Hiber |    24 |    88 ||   112
       Confuse           |       |     1 ||     1
  Use: Scroll            |       |     1 ||     1
       Potion            |       |     1 ||     1
 Stab: Sleeping          |    21 |    59 ||    80
  Eat: Ration            |       |     3 ||     3
Armor: Robe              |     6 |     4 ||    10
Dodge: Dodged            |    48 |    96 ||   144

Table legend:
 A = Non-vault XP
 B = Vault XP
 C = Vault XP percentage of total XP
 D = Non-vault monster count
 E = Vault monster count
 F = Vault count percentage of total count
                 A         B        C        D         E       F
            +---------+---------+-------+---------+---------+-------
      Total |     206 |      93 |  31.1 |      71 |      20 |  22.0
            +---------+---------+-------+---------+---------+-------
        D:1 |      33 |       6 |  15.4 |      17 |       3 |  15.0
        D:2 |     111 |      76 |  40.6 |      26 |      11 |  29.7
        D:3 |      56 |      11 |  16.4 |      26 |       6 |  18.8
        D:4 |       6 |       0 |   0.0 |       2 |       0 |   0.0
            +---------+---------+-------+---------+---------+-------
